 Dungeon Crawl Stone Soup version 0.23.1 (webtiles) character file.

Game seed: 0

374082 poirepourri the Bludgeoner (level 22, -3/149 HPs)
             Began as a Gargoyle Fighter on Mar 3, 2019.
             Was the Champion of Cheibriados.
             Killed from afar by a deep elf elementalist (56 damage)
             ... with a fireball
             ... on level 3 of the Elven Halls.
             The game lasted 01:12:49 (42295 turns).

poirepourri the Bludgeoner (Gargoyle Fighter)      Turns: 42295, Time: 01:12:50

Health: -3/149     AC: 45    Str: 41    XL:     22   Next: 73%
Magic:  30/43      EV: 26    Int: 30    God:    Cheibriados [******]
Gold:   2659       SH: 22    Dex: 45    Spells: 18/31 levels left

rFire    . . .     SeeInvis .   s - +3 morningstar (vamp)
rCold    . . .     Gourm    .   c - +2 shield
rNeg     + . .     Faith    .   J - +4 chain mail of Watchfulness {Int+4 Dex+3}
rPois    ∞         Spirit   .   C - +0 helmet
rElec    +         Reflect  .   U - +2 cloak of the Eleven Deaths {Regen+ Dex+4 Slay+2}
rCorr    .         Harm     .   M - +2 pair of gloves {Dex+3}
MR       ++...                  T - +2 pair of boots {Stlth+}
Stlth    +.........             g - amulet of regeneration
HPRegen  1.14/turn              Y - ring "Zaischoni" {MP+9 Dex+4}
MPRegen  0.28/turn              S - +5 ring of strength

@: about to teleport, studying Ice Magic, very slow
A: big wings, magic resistance 1, mutation resistance 1, negative energy
resistance 1, electricity resistance, unbreathing, petrification resistance, rot
immunity, AC +16
}: 2/15 runes: serpentine, barnacled
a: Fly, Bend Time, Temporal Distortion, Slouch, Step From Time, Renounce
Religion


You were on level 3 of the Elven Halls.
You worshipped Cheibriados.
Cheibriados was exalted by your worship.
You were not hungry.

You visited 8 branches of the dungeon, and saw 39 of its levels.
You visited the Abyss 3 times.
You also visited: Ice Cave.

You collected 4209 gold pieces.
You spent 1550 gold pieces at shops.

Inventory:

Hand Weapons
 b - a +3 flail of holy wrath
 i - a +0 hand crossbow of freezing
 s - a +3 vampiric morningstar (weapon)
Missiles
 d - 1251 bolts
 o - 12 javelins (quivered)
 u - 5 throwing nets
 N - 82 tomahawks
Armour
 c - a +2 shield (worn)
 C - a +0 helmet (worn)
 J - the +4 chain mail of Watchfulness (worn) {Int+4 Dex+3}
   (You found it on level 2 of the Snake Pit)

   It affects your intelligence (+4).
   It affects your dexterity (+3).
 M - a +2 pair of gloves of dexterity (worn)
 T - a +2 pair of boots of stealth (worn)
 U - the +2 cloak of the Eleven Deaths (worn) {Regen+ Dex+4 Slay+2}
   (You found it on level 1 of the Snake Pit)

   It affects your dexterity (+4).
   It affects your accuracy and damage with ranged weapons and melee attacks
   (+2).
   It increases your rate of regeneration.
Jewellery
 g - an amulet of regeneration (around neck)
 h - the cursed ring of Fifrufemn {*Drain rC++ rN++ Int-5}
   (You took it off a vault warden on level 3 of the Vaults)

   [ring of intelligence]

   It affects your intelligence (-5).
   It greatly protects you from cold.
   It greatly protects you from negative energy.
   It causes draining when unequipped.
   It has a curse placed upon it.
 l - an uncursed ring of ice
 t - an uncursed amulet of guardian spirit
 F - an uncursed ring of wizardry
 H - an uncursed ring of fire
 S - a +5 ring of strength (right hand)
 Y - the ring "Zaischoni" (left hand) {MP+9 Dex+4}
   (You found it on level 3 of the Snake Pit)

   [ring of magical power]

   It affects your dexterity (+4).
   It affects your magic capacity (+9).
Wands
 j - a wand of acid (8)
 k - a wand of enslavement (13)
 E - a wand of digging (12)
 G - a wand of flame (74)
 Q - a wand of polymorph (16)
 R - a wand of disintegration (2)
 X - a wand of iceblast (6)
Scrolls
 f - 6 scrolls of teleportation
 p - 6 scrolls of magic mapping
 x - 15 scrolls of remove curse
 y - 3 scrolls of fog
 z - 8 scrolls of identify
 D - a scroll of fear
 Z - a scroll of blinking
Potions
 e - 4 potions of mutation
 m - a potion of magic
 q - 2 potions of heal wounds
 r - 14 potions of curing
 v - a potion of resistance
 w - 2 potions of lignification
 O - 2 potions of invisibility
 P - 2 potions of ambrosia
 V - 2 potions of might
 W - 3 potions of agility
Books
 K - a manual of Ice Magic
 L - a manual of Ice Magic
Miscellaneous
 A - a phantom mirror
 B - a fan of gales
 I - a box of beasts
Comestibles
 n - 35 rations


   Skills:
 - Level 19.0 Fighting
 - Level 19.1 Maces & Flails
 - Level 5.0 Crossbows
 - Level 12.0 Armour
 - Level 12.2 Dodging
 - Level 16.0 Shields
 + Level 5.0 Spellcasting
 - Level 17.3 Invocations
 - Level 8.4 Evocations


You had 18 spell levels left.
You knew the following spells:

 Your Spells              Type           Power        Failure   Level  Hunger
a - Infusion              Chrm           #...         16%         1    None
b - Blink                 Tloc           N/A          22%         2    None
c - Passwall              Tmut/Erth      #.......     22%         2    None
d - Song of Slaying       Chrm           #.......     22%         2    None
e - Regeneration          Chrm/Necr      #.........   41%         3    None
f - Spectral Weapon       Hex/Chrm       #.......     41%         3    None

Your spell library contained the following spells:

 Spells                   Type           Power        Failure   Level  Hunger
 Confusing Touch          Hex            #.....       16%         1    None
 Magic Dart               Conj           #...         16%         1    None
 Sandblast                Erth           #.....       16%         1    None
 Shock                    Conj/Air       #...         16%         1    None
 Summon Butterflies       Summ           #.......     16%         1    None
 Summon Small Mammal      Summ           #...         16%         1    None
 Call Imp                 Summ           #.......     22%         2    None
 Poisonous Vapours        Pois/Air       #.....       22%         2    None
 Searing Ray              Conj           #.....       22%         2    None
 Shroud of Golubria       Chrm/Tloc      #.........   22%         2    None
 Slow                     Hex            #.......     22%         2    None
 Swiftness                Chrm/Air       #.......     22%         2    None
 Call Canine Familiar     Summ           #.......     41%         3    None
 Confuse                  Hex            #.......     41%         3    None
 Conjure Flame            Conj/Fire      #.......     41%         3    None
 Dazzling Spray           Conj/Hex       #.....       41%         3    None
 Gell's Gravitas          Tloc           #.........   41%         3    None
 Mephitic Cloud           Conj/Pois/Air  #.......     41%         3    None
 Static Discharge         Conj/Air       #.......     41%         3    None
 Stone Arrow              Conj/Erth      #.....       41%         3    None
 Summon Guardian Golem    Hex/Summ       #.......     41%         3    None
 Airstrike                Air            #.........   83%         4    ###....
 Force Lance              Conj/Tloc      #.......     83%         4    ###....
 Fulminant Prism          Conj/Hex       #.........   83%         4    ###....
 Iskenderun's Mystic Bla  Conj           #.......     83%         4    ###....
 Leda's Liquefaction      Hex/Erth       #.........   83%         4    ###....
 Petrify                  Tmut/Erth      #.......     83%         4    ###....
 Summon Ice Beast         Ice/Summ       #.......     83%         4    ###....
 Summon Lightning Spire   Summ/Air       #.......     83%         4    ###....
 Bolt of Magma            Conj/Fire/Erth #.........   99%         5    #####..
 Irradiate                Conj/Tmut      #.........   99%         5    #####..
 Lee's Rapid Deconstruct  Erth           #.........   99%         5    #####..
 Lightning Bolt           Conj/Air       #.........   99%         5    #####..
 Metabolic Englaciation   Hex/Ice        #.........   99%         5    #####..
 Summon Mana Viper        Hex/Summ       #.......     99%         5    #####..
 Yara's Violent Unravell  Hex/Tmut       #.........   99%         5    #####..
 Freezing Cloud           Conj/Ice/Air   #.........   100%        6    ######.
 Hydra Form               Tmut           #.........   100%        6    ######.
 Iron Shot                Conj/Erth      #.........   100%        6    ######.
 Poison Arrow             Conj/Pois      #.........   100%        6    ######.
 Dragon Form              Tmut           #.........   100%        7    #######
 Ring of Flames           Chrm/Fire      #.........   100%        7    #######
 Summon Hydra             Summ           #.........   100%        7    #######
 Chain Lightning          Conj/Air       #.........   100%        8    #######
 Lehudib's Crystal Spear  Conj/Erth      #.........   100%        8    #######
 Fire Storm               Conj/Fire      #.........   100%        9    #######
 Glaciate                 Conj/Ice       #.........   100%        9    #######
 Shatter                  Erth           #.........   100%        9    #######
 Statue Form              Tmut/Erth      Unusable     N/A         6    N/A

Dungeon Overview and Level Annotations

Branches:
Dungeon (15/15)            Temple (1/1) D:6            Lair (6/6) D:10
 Shoals (4/4) Lair:4        Snake (4/4) Lair:2        Slime (0/5) Lair:5
    Orc (2/2) D:12            Elf (3/3) Orc:2        Vaults (4/5) D:14
  Crypt (0/3) Vaults:2     Depths (0/5) D:15

Altars:
Ashenzari
Cheibriados
Dithmenos
Elyvilon
Fedhas
Gozag
Hepliaklqana
Kikubaaqudgha
Makhleb
Nemelex Xobeh
Okawaru
Qazlal
Ru
Sif Muna
Trog
Uskayaw
Vehumet
Wu Jian
Xom
Yredelemnul
Zin
The Shining One

Shops:
D:4 !   D:8 [   D:15 *   Orc:2 [*=(   Elf:1 *   Shoals:3 }

Annotations:
Lair:2 exclusion: 4 oklob plants


Innate Abilities, Weirdness & Mutations

You are resistant to torment.
Your stone body is resilient. (AC +16)
You are immune to poison.
Your large and strong wings let you fly indefinitely.
You resist negative energy. (rN+)
You are resistant to electric shocks. (rElec)
You can survive without breathing.
You are immune to petrification.
You are immune to rotting.
You are resistant to hostile enchantments. (MR+)
You are somewhat resistant to further mutation.


Message History

The deep elf archer is empowered by the deep elf high priest's aura!
The deep elf elementalist gestures at the earth elemental while chanting.
Some walls begin to move on their own!
The earth elemental completely misses you.
You block the earth elemental's attack. The earth elemental barely misses you.
You hear a shout! x2
Things that are here:
2 arrows; a +0 short sword; a cursed +0 scale mail Unknown command.
As you read the scroll of teleportation, it crumbles to dust.
You feel strangely unstable.
You are engulfed in freezing vapours.
The earth elemental disappears in a puff of smoke! x2
The deep elf elementalist points at you and mumbles some strange words.
The fireball explodes!
The fireball engulfs the earth elemental.
The earth elemental completely resists.
You hear a sizzling sound! x4
The fireball engulfs the earth elemental.
The earth elemental completely resists.
The fireball engulfs you!!!
You die...

#..#'##
##.#####.#
#....###
##.##.'##
#......#
##'...##
######.##
#.....# #..#
##<..##
##e####
##.## #.E..#
### #(E§.#
##.@E.#
#E.EE.#
#....°.E°e.#
#####..ee..#
##.#)E## ##
E.# e.#


ee# ..# You could see a deep elf master archer, a deep elf annihilator, a deep
elf elementalist, 2 deep elf archers, 2 deep elf high priests and 9 earth
elementals.

Vanquished Creatures
  Nikola (Snake:2)
  2 bone dragons
  3 liches (Abyss:3)
  A deep elf blademaster (Elf:2)
  Polyphemus (Shoals:3)
  2 tentacled starspawn (Abyss:3)
  Kirke (D:14)
  Agnes (Elf:2)
  A fire giant (Vaults:3)
  A frost giant (Shoals:4)
  7 nagarajas
  4 deep elf sorcerers
  13 vault wardens
  A cacodemon (Abyss:3)
  Louise (Shoals:1)
  12 ironheart preservers
  3 deep elf elementalists (Elf:3)
  3 very ugly things
  An entropy weaver (Vaults:4)
  5 stone giants
  3 deep elf demonologists
  6 deep elf annihilators
  A white draconian (Abyss:3)
  The ghost of dengdeng the Protected, a journeyman MiBe of Trog (D:14)
  3 ettins
  3 merfolk javelineers
  3 deep elf death magi
  7 merfolk impalers
  Josephine (Orc:1)
  A fire dragon (Vaults:3)
  2 yaktaur captains
  A great orb of eyes (Vaults:1)
  2 deep elf high priests (Elf:3)
  3 ice dragons
  16 vault guards
  8 hydras
  16 naga warriors
  4 merfolk aquamancers
  5 anacondas
  A catoblepas (Shoals:3)
  10 centaur warriors
  A catoblepas (shapeshifter) (Vaults:2)
  16 two-headed ogres
  Erica (Orc:1)
  5 merfolk avatars
  6 ogre magi
  A deep troll shaman (Vaults:4)
  4 satyrs
  A tengu warrior (D:14)
  13 death yaks
  28 dancing weapons
  3 deep troll earth magi (Vaults:4)
  8 thrashing horrors (Abyss:3)
  3 orc high priests (Orc:2)
  8 shock serpents
  11 naga sharpshooters
  15 deep elf knights
  A shadow wraith (Abyss:3)
  A fire crab (shapeshifter) (Vaults:4)
  3 wretched stars (Abyss:3)
  A glowing orange brain (D:14)
  2 salamander mystics
  5 skeletal warriors (Vaults:2)
  4 sixfirhies (Abyss:3)
  A flayed ghost (Vaults:4)
  16 sea snakes
  6 deep trolls (Vaults:4)
  3 unseen horrors (Vaults:1)
  A tengu zombie (Vaults:4)
  5 wizards
  11 deep elf archers
  10 ironbrand convokers
  A harpy (shapeshifter) (Vaults:4)
  7 naga ritualists
  59 deep elf magi
  A wolf spider zombie (D:13)
  13 harpies
  2 necromancers
  12 orc knights
  4 orc sorcerers
  8 mana vipers
  A manticore (shapeshifter) (D:15)
  27 ugly things
  7 cyclopes
  16 fauns
  A shining eye (shapeshifter) (Vaults:4)
  A stone giant zombie (Vaults:4)
  12 salamanders
  5 wolf spiders
  11 manticores
  2 worldbinders (Abyss:3)
  8 vault sentinels
  4 elephants (Lair:5)
  5 guardian serpents
  An ice statue (IceCv)
  13 merfolk sirens
  37 black mambas
  4 water nymphs
  6 centaur skeletons
  29 naga magi
  An apocalypse crab (Abyss:3)
  26 spiny frogs
  4 smoke demons (Abyss:3)
  3 orange demons (Abyss:3)
  A gargoyle (D:11)
  A yaktaur (shapeshifter) (Vaults:4)
  4 rime drakes
  6 komodo dragons
  45 yaktaurs
  An efreet (Abyss:3)
  A yaktaur zombie (Vaults:4)
  14 freezing wraiths
  9 trolls
  2 tengu conjurers (D:14)
  A wind drake (shapeshifter) (Vaults:3)
  4 meliai
  A troll (shapeshifter) (Vaults:3)
  27 merfolk
  8 polar bears
  3 ancient zymes (Abyss:3)
  2 hornets
  Prince Ribbit (D:8)
  A raiju (Abyss:3)
  22 slime creatures
  15 blink frogs
  A meliai zombie (D:13)
  4 tyrant leeches (Lair:6)
  9 wind drakes
  10 large abominations
  7 snapping turtles
  17 hippogriffs
  A frost giant simulacrum (Vaults:2)
  Sigmund (D:3)
  5 wraiths
  5 centaur simulacra
  A redback (Vaults:4)
  2 spriggans (shapeshifter)
  3 air elementals
  5 hogs
  16 water elementals
  A tarantella (shapeshifter) (Vaults:4)
  2 wyverns
  64 yaks
  A basilisk (Lair:6)
  A steam dragon (D:9)
  A human (D:8)
  A chaos spawn (Abyss:3)
  A death yak simulacrum (IceCv)
  2 hungry ghosts
  2 fire elementals
  2 neqoxecs (Abyss:3)
  A swamp worm (shapeshifter) (Elf:1)
  9 vampire mosquitoes
  Edmund (D:4)
  47 nagas
  A warg (Orc:2)
  8 water moccasins
  2 necrophages (D:6)
  8 porcupines
  An alligator simulacrum (IceCv)
  30 orc warriors
  A hornet zombie (D:15)
  11 ice beasts
  A black bear (D:13)
  2 eyes of draining
  6 sky beasts
  3 boggarts (Vaults:2)
  20 wolves
  22 ogres
  A boggart (shapeshifter) (Vaults:2)
  12 crocodiles
  16 centaurs
  A big kobold (D:10)
  29 bullfrogs
  A gnoll sergeant (D:10)
  2 earth elementals
  9 small abominations
  A wyvern skeleton (D:9)
  2 scorpions
  A hornet simulacrum (D:10)
  4 killer bees (D:11)
  5 wights (D:14)
  6 electric eels
  A howler monkey (D:4)
  5 crimson imps
  3 centaur zombies
  4 draconian simulacra (IceCv)
  25 starcursed masses (Abyss:3)
  6 hounds
  3 quasits (Abyss:3)
  A bullfrog skeleton (D:7)
  17 orc priests
  16 jellies
  20 orc wizards
  Ijyb (D:4)
  2 iguanas
  16 worker ants
  A spriggan simulacrum (IceCv)
  2 polar bear simulacra (IceCv)
  4 troll simulacra (IceCv)
  A bullfrog simulacrum (D:10)
  3 hound skeletons
  2 worker ant zombies
  4 gnolls (D:10)
  19 adders
  3 naga simulacra (IceCv)
  4 shadow imps
  13 white imps
  2 ufetubi
  2 oozes
  An adder zombie (D:7)
  2 worms (D:3)
  4 dart slugs
  4 leopard geckos
  88 orcs
  4 ball pythons
  4 bats
  6 giant cockroaches
  9 goblins
  9 hobgoblins
  13 jackals
  6 quokkas
  2 frilled lizards
  A jackal zombie (D:5)
  8 kobolds
  2 quokka skeletons
  A quokka zombie (D:7)
  6 rats
  A butterfly (Lair:3)
  4 crawling corpses (Elf:3)
  4 plants
  A tentacle (Abyss:3)
1644 creatures vanquished.

Vanquished Creatures (collateral kills)
  A naga warrior (Snake:3)
  A salamander (Snake:3)
  A naga mage (Snake:3)
  A black mamba (Snake:3)
  A naga (Snake:3)
  A giant cockroach (D:5)
6 creatures vanquished.

Vanquished Creatures (others)
  A merfolk impaler (Shoals:4)
  A merfolk aquamancer (Shoals:4)
  A deep elf knight (Elf:2)
  A shadow wraith (Vaults:3)
  2 deep elf magi (Elf:1)
  A large abomination (Abyss:3)
  A water nymph (Shoals:4)
  A naga mage (Snake:4)
  2 black mambas
  A golden eye (shapeshifter) (Abyss:3)
  3 boggarts (Vaults:2)
  A hound (D:14)
  2 orc wizards
  3 orcs
  A crawling corpse (Elf:3)
  23 fungi
  2 lurking horrors (Abyss:3)
  70 plants
  8 starspawn tentacles (Abyss:3)
  4 tentacles (Abyss:3)
129 creatures vanquished.

Grand Total: 1779 creatures vanquished

Notes
Turn   | Place    | Note
-------+----------+-------------------------------------------
     0 | D:1      | poirepourri the Gargoyle Fighter began the quest for the
                  | Orb.
     0 | D:1      | Reached XP level 1. HP: 14/14 MP: 1/1
   218 | D:1      | Reached XP level 2. HP: 17/19 MP: 2/2
   705 | D:1      | Reached XP level 3. HP: 23/23 MP: 3/3
  1132 | D:2      | Reached XP level 4. HP: 24/28 MP: 4/4
  1255 | D:2      | You fall through a shaft!
  1312 | D:3      | Reached skill level 5 in Maces & Flails
  1312 | D:3      | Reached XP level 5. HP: 25/32 MP: 5/5
  1538 | D:3      | Noticed Sigmund
  1563 | D:3      | Killed Sigmund
  1563 | D:3      | Reached XP level 6. HP: 36/37 MP: 6/6
  1784 | D:3      | Found a snail-covered altar of Cheibriados.
  1814 | D:3      | Became a worshipper of Cheibriados the Contemplative
  2070 | D:4      | Noticed Ijyb
  2086 | D:4      | Killed Ijyb
  2145 | D:4      | Noticed Edmund
  2163 | D:4      | Killed Edmund
  2163 | D:4      | Reached XP level 7. HP: 41/41 MP: 7/7
  2278 | D:2      | Reached * piety under Cheibriados
  3006 | D:4      | Found Xeaweadi's Distillery.
  3028 | D:4      | Bought a potion of heal wounds for 55 gold pieces
  3028 | D:4      | Bought a potion of heal wounds for 55 gold pieces
  3028 | D:4      | Bought a potion of curing for 33 gold pieces
  3137 | D:5      | Entered Level 5 of the Dungeon
  3322 | D:5      | Reached XP level 8. HP: 46/46 MP: 8/8
  3380 | D:5      | Reached ** piety under Cheibriados
  3684 | D:5      | Reached skill level 10 in Maces & Flails
  3721 | D:5      | Found a sacrificial altar of Ru.
  3928 | D:6      | Found a staircase to the Ecumenical Temple.
  3952 | Temple   | Entered the Ecumenical Temple
  4133 | D:6      | Reached XP level 9. HP: 41/51 MP: 9/9
  4139 | D:6      | Reached *** piety under Cheibriados
  4185 | D:6      | Found an ancient bone altar of Kikubaaqudgha.
  4360 | D:6      | Found a stormy altar of Qazlal.
  5152 | D:7      | Reached **** piety under Cheibriados
  5192 | D:7      | Found a hazy altar of Hepliaklqana.
  5197 | D:7      | Found an iron altar of Okawaru.
  5197 | D:7      | Found a blossoming altar of Fedhas.
  5197 | D:7      | Found a radiant altar of Vehumet.
  5203 | D:7      | Found an ornate altar of the Wu Jian Council.
  5206 | D:7      | Found a shadowy altar of Dithmenos.
  5810 | D:8      | Noticed a two-headed ogre
  5825 | D:8      | Killed a two-headed ogre
  5825 | D:8      | Reached XP level 10. HP: 48/56 MP: 4/10
  6097 | D:8      | Noticed Prince Ribbit
  6187 | D:8      | Killed Prince Ribbit
  6370 | D:8      | Found Mydi Ewk's Antique Armour Boutique.
  6392 | D:8      | Bought a shiny chain mail for 135 gold pieces
  6402 | D:8      | Bought a shiny scale mail for 126 gold pieces
  6439 | D:8      | Reached skill level 5 in Fighting
  6468 | D:8      | Reached ***** piety under Cheibriados
  6784 | D:9      | Noticed a centaur warrior
  6796 | D:9      | Killed a centaur warrior
  6882 | D:9      | Reached XP level 11. HP: 34/69 MP: 4/11
  7064 | D:9      | Noticed a deep elf mage
  7416 | D:9      | Killed a deep elf mage
  7601 | D:9      | Noticed a cyclops
  7607 | D:9      | Killed a cyclops
  7607 | D:9      | Reached skill level 10 in Fighting
  7758 | D:10     | Entered Level 10 of the Dungeon
  7896 | D:10     | Reached ****** piety under Cheibriados
  8035 | D:10     | Found a staircase to the Lair.
  9000 | D:10     | Reached skill level 5 in Shields
  9315 | D:10     | Noticed a wizard
  9326 | D:10     | Noticed a large abomination
  9338 | D:10     | Killed a wizard
  9345 | D:10     | Reached XP level 12. HP: 62/82 MP: 10/12
  9588 | Lair:1   | Entered Level 1 of the Lair of Beasts
 10637 | Lair:2   | Noticed an eight-headed hydra
 10647 | Lair:2   | Killed an eight-headed hydra
 10647 | Lair:2   | Reached skill level 10 in Shields
 11040 | Lair:2   | Found a staircase to the Snake Pit.
 12529 | Lair:4   | Noticed a four-headed hydra
 12542 | Lair:3   | Killed a four-headed hydra
 12542 | Lair:3   | Reached XP level 13. HP: 61/87 MP: 9/13
 12763 | Lair:4   | Found a frozen archway.
 12776 | IceCv    | Entered an ice cave
 13799 | IceCv    | Found an ancient bone altar of Kikubaaqudgha.
 15312 | Lair:4   | Found a staircase to the Shoals.
 15699 | Lair:3   | Reached skill level 15 in Shields
 16540 | Lair:5   | Found a staircase to the Slime Pits.
 16679 | Lair:5   | Reached skill level 1 in Crossbows
 16699 | Lair:5   | Gained mutation: Your large and strong wings let you fly
                  | indefinitely. [Gargoyle growth]
 16699 | Lair:5   | Reached XP level 14. HP: 84/92 MP: 12/14
 17017 | Lair:5   | Reached skill level 5 in Crossbows
 17477 | Lair:6   | Entered Level 6 of the Lair of Beasts
 17559 | Lair:6   | Reached skill level 5 in Armour
 18276 | Lair:6   | Reached skill level 1 in Dodging
 18888 | Lair:6   | Identified the +9 halberd "Huhaj" {venom, rPois Str+5
                  | Dex+3} (You found it on level 6 of the Lair of Beasts)
 18988 | Lair:6   | Reached skill level 5 in Dodging
 19179 | Lair:6   | Reached XP level 15. HP: 91/97 MP: 13/15
 20413 | D:12     | Found a staircase to the Orcish Mines.
 20809 | D:12     | Found a deep blue altar of Sif Muna.
 21019 | D:13     | Found a blossoming altar of Fedhas.
 21532 | D:14     | Found a runed translucent door.
 21537 | D:14     | Noticed dengdeng's ghost (journeyman MiBe)
 21563 | D:14     | Killed dengdeng's ghost
 21887 | D:14     | Found a gate to the Vaults.
 21910 | D:14     | Reached skill level 10 in Dodging
 21966 | D:14     | Noticed Kirke
 21986 | D:14     | Killed Kirke
 22234 | D:14     | Reached XP level 16. HP: 101/103 MP: 16/16
 22347 | D:14     | Identified a scroll of acquirement
 22371 | D:15     | Entered Level 15 of the Dungeon
 22379 | D:15     | Found Sithryan's General Store.
 22434 | D:15     | Bought a scroll of teleportation for 48 gold pieces
 23126 | D:15     | Found a shimmering altar of Xom.
 23516 | D:15     | Found a staircase to the Depths.
 23890 | Orc:1    | Entered Level 1 of the Orcish Mines
 23904 | Orc:1    | Noticed Josephine
 23921 | Orc:1    | Killed Josephine
 24041 | Orc:1    | Noticed Erica
 24054 | Orc:1    | Killed Erica
 24054 | Orc:1    | Reached skill level 1 in Evocations
 24170 | Orc:2    | Entered Level 2 of the Orcish Mines
 24398 | Orc:2    | Found a staircase to the Elven Halls.
 24966 | Orc:2    | Found Xisifire's Antique Armour Shop.
 24966 | Orc:2    | Found Dolalos's Antique Weapon Shoppe.
 24983 | Orc:2    | Found Vuha's Assorted Antiques.
 24983 | Orc:2    | Found Ytsiat's Jewellery Shoppe.
 25015 | Orc:2    | Bought a +5 ring of strength for 618 gold pieces
 25396 | Snake:1  | Entered Level 1 of the Snake Pit
 25407 | Snake:1  | Reached skill level 5 in Evocations
 25834 | Snake:1  | Got a slimy cloak
 25840 | Snake:1  | Identified the +2 cloak of the Eleven Deaths {Regen+ Dex+4
                  | Slay+2} (You found it on level 1 of the Snake Pit)
 26247 | Snake:2  | Noticed Nikola
 26279 | Snake:2  | Killed Nikola
 26279 | Snake:2  | Reached XP level 17. HP: 66/108 MP: 21/23
 26367 | Snake:2  | Reached skill level 1 in Invocations
 26654 | Snake:2  | Reached skill level 5 in Invocations
 27375 | Snake:3  | Got a slimy tin ring
 27379 | Snake:3  | Identified the ring "Zaischoni" {MP+9 Dex+4} (You found it
                  | on level 3 of the Snake Pit)
 28396 | Snake:4  | Entered Level 4 of the Snake Pit
 29013 | Snake:3  | Reached XP level 18. HP: 117/117 MP: 24/24
 29280 | Snake:3  | Reached skill level 15 in Fighting
 29671 | Snake:4  | Reached skill level 15 in Maces & Flails
 29689 | Snake:4  | Got a serpentine rune of Zot
 30044 | Shoals:1 | Entered Level 1 of the Shoals
 30054 | Shoals:1 | Noticed Louise
 30088 | Shoals:1 | Cast into level 2 of the Abyss (Louise)
 30121 | Abyss:2  | Found an iron altar of Okawaru.
 30130 | Abyss:2  | Noticed a bone dragon
 30135 | Shoals:1 | Escaped the Abyss
 30155 | Shoals:1 | Killed a bone dragon
 30165 | Shoals:1 | Killed Louise
 31151 | Shoals:2 | Got a scorched ring mail
 31152 | Shoals:2 | Identified the +3 ring mail of Hospitality {rElec} (You
                  | found it on level 2 of the Shoals)
 31657 | Shoals:2 | Reached skill level 10 in Armour
 31710 | Shoals:3 | Found Argholue's Gadget Boutique.
 31714 | Shoals:3 | Bought a phantom mirror for 480 gold pieces
 32025 | Shoals:3 | Noticed Polyphemus
 32090 | Shoals:3 | Killed Polyphemus
 32104 | Shoals:3 | Reached XP level 19. HP: 124/124 MP: 25/25
 32417 | Shoals:4 | Entered Level 4 of the Shoals
 33455 | Shoals:4 | Got a barnacled rune of Zot
 33770 | Snake:2  | Identified the +4 chain mail of Watchfulness {Int+4 Dex+3}
                  | (You found it on level 2 of the Snake Pit)
 33984 | Vaults:1 | Entered Level 1 of the Vaults
 34432 | Vaults:1 | You fall through a shaft!
 34551 | Vaults:2 | Cast into level 3 of the Abyss (a wizard)
 34623 | Abyss:3  | Paralysed by accursed screaming for 1 turns
 34630 | Abyss:3  | Paralysed by accursed screaming for 1 turns
 34643 | Abyss:3  | Found a corrupted altar of Lugonu.
 34913 | Abyss:3  | Paralysed by accursed screaming for 1 turns
 34920 | Abyss:3  | Noticed a lich
 34941 | Abyss:3  | Killed a lich
 34989 | Vaults:2 | Escaped the Abyss
 34993 | Vaults:2 | Reached XP level 20. HP: 137/137 MP: 26/26
 35180 | Vaults:2 | Reached skill level 10 in Invocations
 35560 | Vaults:2 | Noticed a bone dragon
 35575 | Vaults:2 | Killed a bone dragon
 35671 | Vaults:2 | Found a staircase to the Crypt.
 36190 | Vaults:3 | Identified the cursed +1 scale mail of Bezis {*Corrode
                  | rElec rPois Str+4} (You found it on level 3 of the Vaults)
 36556 | Vaults:3 | Paralysed by an orc sorcerer for 4 turns
 36626 | Vaults:3 | Got an ivory hand crossbow
 36705 | Vaults:3 | Identified the cursed +2 hand crossbow of Peir {flame,
                  | *Contam +Blink rF+ Dex+2} (You found it on level 3 of the
                  | Vaults)
 37194 | Vaults:3 | Identified the cursed ring of Fifrufemn {*Drain rC++ rN++
                  | Int-5}
 37286 | Vaults:3 | Cast into level 3 of the Abyss (a wizard)
 37302 | Abyss:3  | Reached XP level 21. HP: 144/144 MP: 32/32
 37401 | Abyss:3  | Reached skill level 15 in Invocations
 37605 | Vaults:3 | Escaped the Abyss
 38042 | Vaults:4 | Identified the cursed +1 chain mail "Xurunew" {rCorr Dex-2
                  | Slay+6} (You found it on level 4 of the Vaults)
 38442 | Vaults:4 | Gained mutation: Scrolls take you a little longer to read.
                  | [a shining eye]
 39328 | Elf:1    | Entered Level 1 of the Elven Halls
 39364 | Elf:1    | Lost mutation: Scrolls take you a little longer to read.
                  | [potion of mutation]
 39364 | Elf:1    | Gained mutation: You are somewhat resistant to further
                  | mutation. [potion of mutation]
 39364 | Elf:1    | Gained mutation: You are resistant to hostile enchantments.
                  | (MR+) [potion of mutation]
 39465 | Elf:1    | You fall through a shaft!
 39613 | Elf:2    | Reached XP level 22. HP: 149/149 MP: 34/34
 39629 | Elf:2    | Learned a level 1 spell: Infusion
 39632 | Elf:2    | Learned a level 2 spell: Blink
 39638 | Elf:2    | Learned a level 5 spell: Summon Mana Viper
 39752 | Elf:2    | Found a huge runed translucent gate.
 39752 | Elf:2    | Found a huge runed translucent gate.
 39753 | Elf:2    | Found a huge runed translucent gate.
 39756 | Elf:2    | Found a huge runed translucent gate.
 39759 | Elf:2    | Found a huge runed translucent gate.
 40027 | Elf:2    | Noticed Agnes
 40034 | Elf:2    | Killed Agnes
 41071 | Elf:1    | Found Romu Qej's General Store.
 41417 | Elf:1    | Learned a level 2 spell: Passwall
 41420 | Elf:1    | Learned a level 2 spell: Song of Slaying
 41424 | Elf:1    | Learned a level 3 spell: Regeneration
 41428 | Elf:1    | Learned a level 3 spell: Spectral Weapon
 41754 | Elf:2    | Reached skill level 1 in Spellcasting
 41891 | Elf:3    | Entered Level 3 of the Elven Halls
 42289 | Elf:3    | Reached skill level 5 in Spellcasting
 42295 | Elf:3    | Killed from afar by a deep elf elementalist

Skill      XL: |  1  2  3  4  5  6  7  8  9 10 11 12 13 14 15 16 17 18 19 20 21 22 |
---------------+-------------------------------------------------------------------+-----
Maces & Flails | 3 4 5 6 7 9 11 13 14 16 17 19 | 19.1
Fighting       | 8 12 14 15 18 19 | 19.0
Shields        | 6 12 16 | 16.0
Crossbows      | 2 5 |  5.0
Armour         | 9 11 12 | 12.0
Dodging        | 5 10 12 | 12.2
Evocations     | 8 |  8.4
Invocations    | 9 14 17 | 17.3
Spellcasting   | 5 |  5.0

Action                   |  1- 3 |  4- 6 |  7- 9 | 10-12 | 13-15 | 16-18 | 19-21 | 22-24 || total
-------------------------+-------+-------+-------+-------+-------+-------+-------+-------++-------
Melee: Flail             |   113 |   186 |   413 |   736 |  1415 |       |       |       ||  2863
       Morningstar       |       |       |       |       |   282 |  1855 |  2003 |   434 ||  4574
 Fire: Hand crossbow     |       |       |       |       |    34 |       |       |       ||    34
Throw: Tomahawk          |       |       |       |       |       |     6 |       |       ||     6
Invok: Slouch            |       |       |       |       |       |     8 |     6 |     3 ||    17
Evoke: Wand              |       |       |       |    17 |     9 |    52 |     3 |       ||    81
       Fan of gales      |       |       |       |       |       |     2 |       |       ||     2
       Box of beasts     |       |       |       |       |       |     6 |       |       ||     6
  Use: Scroll            |     4 |     5 |    15 |    13 |    12 |    22 |    13 |     3 ||    87
       Potion            |     1 |     1 |     4 |     9 |     9 |     7 |     5 |     1 ||    37
 Stab: Invisible         |       |       |       |     3 |     7 |     2 |       |       ||    12
       Distracted        |       |       |       |       |     1 |     4 |     1 |     1 ||     7
       Sleeping          |       |       |       |       |     2 |     8 |     2 |       ||    12
  Eat: Ration            |     1 |     1 |     2 |     6 |     6 |     6 |     6 |     2 ||    30
       Chunk             |       |       |       |       |       |     1 |     2 |       ||     3
Armor: Scale mail        |    59 |   185 |   178 |   393 |   651 |   637 |   112 |       ||  2215
       Chain mail        |       |       |       |    10 |       |       |   466 |   109 ||   585
Dodge: Dodged            |    27 |    94 |   124 |   200 |   596 |  1888 |  1374 |   198 ||  4501
Block: Shield            |    57 |   152 |   204 |   548 |  1640 |  2643 |  2344 |   346 ||  7934
